 Dungeon Crawl Stone Soup version 0.25.0-1-g7eea58d2a3 (webtiles) character file.

Game seed: 2224892985164511919

14277 theswoord the Carver (level 11, -2/86 HPs)
             Began as a Demonspawn Gladiator on June 14, 2020.
             Was an Elder of Wu Jian.
             Slain by a wolf (3 damage)
             ... led by Grum
             ... on level 11 of the Dungeon.
             The game lasted 00:29:24 (10155 turns).

theswoord the Carver (Demonspawn Gladiator)        Turns: 10155, Time: 00:29:24

Health: -2/86      AC: 10    Str: 18    XL:     11   Next: 86%
Magic:  11/11      EV: 15    Int:  5    God:    Wu Jian [****..]
Gold:   511        SH:  0    Dex: 17    Spells: 10/10 levels left

rFire    . . .     SeeInvis .   w - +2 falchion (elec)
rCold    . . .     Gourm    .   (no shield)
rNeg     . . .     Faith    .   x - +0 troll leather armour
rPois    +         Spirit   .   c - +0 helmet
rElec    .         Reflect  .   o - +0 cloak
rCorr    .         Harm     .   J - +1 pair of gloves
MR       .....     Rnd*Tele +   E - +0 pair of boots
Stlth    +.........             e - amulet of regeneration
HPRegen  1.04/turn              D - +6 ring of strength
MPRegen  0.12/turn              L - ring of poison resistance

@: berserk cooldown, slowed, very slow
A: hooves 1, slimy green scales 1, [blurry vision 3], [deformed body], demonic
guardian 2, [dopey 2], [teleportitis 2], [weak 2]
a: Wall Jump, Serpent's Lash, Renounce Religion


You were on level 11 of the Dungeon.
You worshipped Wu Jian.
Wu Jian was greatly pleased with you.
You were near starving.

You visited 2 branches of the dungeon, and saw 12 of its levels.
You visited the Abyss 1 time.

You collected 511 gold pieces.

Inventory:

Hand Weapons
 a - a +0 long sword
 p - a +3 quarterstaff of chaos
 w - a +2 falchion of electrocution (weapon)
 G - a +4 great sword
 Q - a +2 scimitar of flaming
Missiles
 d - 4 throwing nets (quivered)
Armour
 b - a +0 leather armour
 c - a +0 helmet (worn)
 g - a +1 pair of gloves
 k - a +0 scale mail
 o - a +0 cloak (worn)
 x - a +0 troll leather armour (worn)
 E - a +0 pair of boots (worn)
 J - a +1 pair of gloves (worn)
Jewellery
 e - an amulet of regeneration (around neck)
 h - a +6 ring of intelligence
 l - an uncursed ring of wizardry {unknown}
 D - a +6 ring of strength (left hand)
 K - an uncursed ring of positive energy
 L - a ring of poison resistance (right hand)
 P - an uncursed amulet of guardian spirit {unknown}
Wands
 y - a wand of disintegration (27)
 I - a wand of clouds (4)
Scrolls
 q - a scroll of silence {unknown}
 r - 6 scrolls of remove curse
 B - 3 scrolls of enchant weapon
 C - 2 scrolls of fear
 H - 4 scrolls of identify
 N - a scroll of amnesia
Potions
 i - 4 potions of curing
 m - a potion of might {unknown}
 s - 2 potions of resistance {unknown}
 t - 2 potions of haste {unknown}
 u - 2 potions of magic {unknown}
 v - a potion of flight {unknown}
 z - a potion of mutation {unknown}
 A - 2 potions of stabbing {unknown}
 F - 2 potions of ambrosia {unknown}
 M - a potion of degeneration {unknown}
 O - 3 potions of heal wounds
Comestibles
 f - 22 rations


   Skills:
 * Level 8.3 Fighting
 - Level 14.1 Long Blades
 - Level 1.7 Throwing
 + Level 4.9 Armour
 + Level 5.8 Dodging


You had 10 spell levels left.
You didn't know any spells.
Your spell library contained the following spells:

 Spells                   Type           Power        Failure   Level  Hunger
 Confusing Touch          Hex            #.......     88%         3    ####...
 Gell's Gravitas          Tloc           #.........   88%         3    ####...
 Petrify                  Tmut/Erth      #.......     99%         4    #####..
 Metabolic Englaciation   Hex/Ice        #.........   100%        5    ######.
 Yara's Violent Unravell  Hex/Tmut       #.........   100%        5    ######.


Dungeon Overview and Level Annotations

Branches:
Dungeon (11/15)            Temple (1/1) D:5             Orc (0/2) D:11
   Lair: D:8-11

Altars:
Ashenzari
Cheibriados
Dithmenos
Elyvilon
Fedhas
Gozag
Hepliaklqana
Kikubaaqudgha
Makhleb
Nemelex Xobeh
Okawaru
Qazlal
Ru
Sif Muna
Trog
Uskayaw
Vehumet
Wu Jian
Xom
Yredelemnul
Zin
The Shining One

Shops:
D:9 =

Portals:
Trove: D:10 (give +3 storm dragon scales)

Annotations:
D:7 exclusion: 2 doors
D:11 Grum


Innate Abilities, Weirdness & Mutations

You have large cloven feet.
You are partially covered in slimy green scales. (AC +2)
A demonic guardian rushes to your aid.
[Scrolls take you much longer to read.]
[Armour fits poorly on your strangely shaped body.]
[You are very dopey. (Int -4)]
[You are sometimes teleported next to monsters.]
[You are very weak. (Str -4)]


Message History

You see here an arrow.
The centaur shoots an arrow.
The arrow hits you.
* * * LOW HITPOINT WARNING * * *
The wolf completely misses you.
The centaur shoots an arrow.
The arrow barely misses you.
The arrow hits your soul eater but does no damage.
The wolf closely misses you. Grum closely misses you.
Things that are here:
an arrow; a leather armour You swap places.
You spin and attack the wolf.
You closely miss the wolf. The wolf bites you but does no damage.
The wolf barely misses you.
You riposte.
You miss the wolf.
Your soul eater barely misses the wolf.
Grum hits you but does no damage. Space warps horribly around you!
* * * LOW HITPOINT WARNING * * *
The centaur shoots an arrow.
The arrow completely misses your soul eater.
The arrow hits you!
* * * LOW HITPOINT WARNING * * *
The wolf bites you.
You die...

PP..PP..# #).#..#..##......#
#
PPPP.P..P.#........##......#
#
.hPPP.P............##......#
#
PP..PP.P.....#..#...#......#
# .P...#.##..##........ ...
PPP..#.#...[#.##... ...
P...P#.#)...#.# ... .._ ..P.
#.##..##.# .. ... P..
#..#@.#..# ... #.gh3(...##..
### #..c.........
#Z†#).#..... #.##).##..##
#.#....#..# #.#....# .#
#h##..## # .hG####


You could see Grum, a wolf, a centaur, a centaur simulacrum and a friendly soul
eater (summoned).

Vanquished Creatures
  A thrashing horror (Abyss:1)
  A two-headed ogre (D:10)
  A wretched star (Abyss:1)
  An unseen horror (D:11)
  An orange demon (D:11)
  A smoke demon (Abyss:1)
  An efreet (Abyss:1)
  An ancient zyme (Abyss:1)
  A troll (D:11)
  2 large abominations (Abyss:1)
  A yak (D:11)
  A vampire (D:10)
  A fire elemental (Abyss:1)
  2 wraiths
  A hungry ghost (D:10)
  A soldier ant (D:10)
  4 orc warriors
  2 black bears (D:11)
  5 ice beasts
  A slave (D:8)
  3 necrophages
  A sky beast (D:8)
  A hornet zombie (D:9)
  6 ogres
  2 phantoms
  3 wolves (D:11)
  4 centaurs
  A crocodile (D:8)
  10 bullfrogs
  5 scorpions
  4 killer bees (D:7)
  An electric eel (D:10)
  3 wights (D:6)
  4 howler monkeys
  6 crimson imps
  5 hounds
  3 orc priests
  Crazy Yiuf (D:2)
  A jelly (D:9)
  10 orc wizards
  A bullfrog skeleton (D:2)
  Terence (D:2)
  2 iguanas
  11 worker ants
  A hound zombie (D:9)
  2 hound skeletons
  Robin (D:3)
  9 adders
  8 gnolls
  2 white imps (D:11)
  An ufetubus (D:11)
  An adder skeleton (D:4)
  5 worms
  A dart slug (D:2)
  8 leopard geckos
  44 orcs
  A ball python (D:1)
  5 bats
  3 giant cockroaches
  12 goblins
  9 hobgoblins
  13 jackals
  7 kobolds
  8 quokkas
  5 frilled lizards
  A jackal skeleton (D:4)
  A leopard gecko skeleton (D:4)
  A quokka skeleton (D:8)
  8 rats
276 creatures vanquished.

Vanquished Creatures (collateral kills)
  A two-headed ogre (D:10)
  A death drake (Abyss:1)
  Pikel (D:8)
  A large abomination (Abyss:1)
  A manticore (D:11)
  Joseph (D:8)
  2 smoke demons (Abyss:1)
  3 orange demons (D:11)
  A centaur skeleton (D:11)
  A gargoyle (D:10)
  A tormentor (Abyss:1)
  2 red devils (D:11)
  Prince Ribbit (D:7)
  A flying skull (Abyss:1)
  An ogre (D:6)
  A bullfrog (D:11)
  A scorpion (D:7)
  2 killer bees (D:7)
  A crimson imp (D:7)
  A worker ant (D:11)
  An orc (D:6)
26 creatures vanquished.

Vanquished Creatures (others)
  22 fungi (D:11)
  3 plants (D:11)
  4 starspawn tentacles (Abyss:1)
29 creatures vanquished.

Grand Total: 331 creatures vanquished

Notes
Turn   | Place    | Note
-------+----------+-------------------------------------------
     0 | D:1      | theswoord the Demonspawn Gladiator began the quest for the
                  | Orb.
     0 | D:1      | Reached XP level 1. HP: 16/16 MP: 1/1
   119 | D:1      | Reached skill level 3 in Long Blades
   186 | D:1      | Gained mutation: You have large cloven feet. [demonic
                  | ancestry]
   186 | D:1      | Reached XP level 2. HP: 20/22 MP: 2/2
   942 | D:2      | Reached XP level 3. HP: 27/27 MP: 3/3
   984 | D:2      | Found a runed translucent door.
   985 | D:2      | Noticed Crazy Yiuf
  1065 | D:2      | Noticed Terence
  1073 | D:2      | Killed Terence
  1073 | D:2      | Reached skill level 4 in Long Blades
  1126 | D:2      | Killed Crazy Yiuf
  1126 | D:2      | Reached XP level 4. HP: 14/33 MP: 4/4
  1627 | D:2      | Reached skill level 5 in Long Blades
  1668 | D:3      | Reached XP level 5. HP: 30/38 MP: 5/5
  1894 | D:3      | Found a radiant altar of Vehumet.
  1935 | D:3      | Reached skill level 6 in Long Blades
  1944 | D:3      | HP: 1/38 [gnoll/+3 flail (5)]
  2055 | D:3      | Found a white marble altar of Elyvilon.
  2056 | D:3      | Noticed Robin
  2064 | D:3      | Reached XP level 6. HP: 44/44 MP: 6/6
  2079 | D:3      | Killed Robin
  2418 | D:3      | Found a snail-covered altar of Cheibriados.
  2776 | D:4      | Reached skill level 7 in Long Blades
  2822 | D:4      | Gained mutation: You are partially covered in slimy green
                  | scales. (AC +2) [demonic ancestry]
  2822 | D:4      | Reached XP level 7. HP: 39/50 MP: 7/7
  3149 | D:4      | Found a burning altar of Makhleb.
  3149 | D:4      | Found an ancient bone altar of Kikubaaqudgha.
  3230 | D:5      | Entered Level 5 of the Dungeon
  3254 | D:5      | Reached skill level 8 in Long Blades
  3367 | D:5      | Found a staircase to the Ecumenical Temple.
  3401 | Temple   | Entered the Ecumenical Temple
  3506 | Temple   | Became a worshipper of the Wu Jian Council
  3598 | D:5      | Found a glowing silver altar of Zin.
  3910 | D:6      | Reached skill level 9 in Long Blades
  3910 | D:6      | Gained mutation: A weak demonic guardian rushes to your
                  | aid. [demonic ancestry]
  3910 | D:6      | Reached XP level 8. HP: 28/56 MP: 8/8
  4412 | D:6      | Reached * piety under Wu Jian
  4412 | D:6      | Reached skill level 10 in Long Blades
  4816 | D:7      | Found a shimmering altar of Xom.
  4912 | D:7      | Noticed Prince Ribbit
  5061 | D:7      | Reached skill level 11 in Long Blades
  5061 | D:7      | Gained mutation: A demonic guardian rushes to your aid.
                  | [demonic ancestry]
  5061 | D:7      | Reached XP level 9. HP: 51/61 MP: 9/9
  5426 | D:7      | Killed Prince Ribbit
  5426 | D:7      | Reached ** piety under Wu Jian
  5538 | D:7      | Found a snail-covered altar of Cheibriados.
  5775 | D:7      | Reached skill level 12 in Long Blades
  6127 | D:8      | Noticed Joseph
  6133 | D:8      | Killed Joseph
  6164 | D:8      | Noticed Pikel
  6174 | D:8      | Killed Pikel
  6337 | D:8      | Reached skill level 13 in Long Blades
  6377 | D:8      | Reached XP level 10. HP: 56/67 MP: 10/10
  7316 | D:9      | Found Xeotac's Jewellery Emporium.
  7638 | D:10     | Entered Level 10 of the Dungeon
  7642 | D:10     | Reached *** piety under Wu Jian
  7718 | D:10     | Reached skill level 14 in Long Blades
  8076 | D:10     | Noticed a gargoyle
  8081 | D:10     | Killed a gargoyle
  8081 | D:10     | Reached skill level 1 in Armour
  8133 | D:10     | Noticed a two-headed ogre
  8138 | D:10     | Killed a two-headed ogre
  8282 | D:10     | Noticed a two-headed ogre
  8290 | D:10     | Killed a two-headed ogre
  8876 | D:10     | Found a portal to a secret trove of treasure.
  9107 | D:11     | Reached XP level 11. HP: 70/78 MP: 11/11
  9131 | D:11     | Reached skill level 5 in Fighting
  9134 | D:11     | Found a shimmering altar of Xom.
  9143 | D:11     | Found a staircase to the Orcish Mines.
  9174 | D:11     | Killed an unseen horror
  9213 | D:11     | Reached **** piety under Wu Jian
  9563 | D:11     | Noticed Grum
  9576 | D:11     | Cast into level 1 of the Abyss (Grum)
  9576 | Abyss:1  | Found a corrupted altar of Lugonu.
  9640 | Abyss:1  | Noticed an angel
  9717 | Abyss:1  | Reached skill level 5 in Dodging
  9736 | Abyss:1  | Noticed a death drake
  9755 | Abyss:1  | Killed a death drake
  9763 | Abyss:1  | Found a corrupted altar of Lugonu.
  9794 | Abyss:1  | Noticed a thrashing horror
  9810 | Abyss:1  | Noticed a lich
  9875 | Abyss:1  | Noticed a large abomination
  9897 | Abyss:1  | Noticed a great orb of eyes
  9942 | Abyss:1  | Noticed a mana viper
  9944 | Abyss:1  | Killed a large abomination
 10051 | Abyss:1  | Noticed a thrashing horror
 10058 | Abyss:1  | Killed a thrashing horror
 10077 | Abyss:1  | Noticed a starcursed mass
 10077 | Abyss:1  | Noticed a tentacled starspawn
 10089 | Abyss:1  | Noticed a large abomination
 10093 | Abyss:1  | Noticed a large abomination
 10093 | Abyss:1  | Noticed a wretched star
 10142 | Abyss:1  | Killed a large abomination
 10149 | Abyss:1  | Killed a wretched star
 10153 | D:11     | Escaped the Abyss
 10155 | D:11     | HP: 1/86 [centaur/arrow (14)]
 10155 | D:11     | Slain by a wolf

Skill      XL: |  1  2  3  4  5  6  7  8  9 10 11 |
---------------+----------------------------------+-----
Long Blades    | 3 4 5 6 7 9 11 13 14 | 14.1
Armour         | 2 4 |  4.9
Dodging        | 3 5 |  5.8
Fighting       | 4 8 |  8.3
Throwing       | |  1.7

Action                   |  1- 3 |  4- 6 |  7- 9 | 10-12 || total
-------------------------+-------+-------+-------+-------++-------
Melee: Long sword        |    62 |       |       |       ||    62
       Kick              |    13 |    39 |    91 |    92 ||   235
       Quarterstaff      |       |   104 |       |       ||   104
       Falchion          |       |    42 |   187 |   344 ||   573
       Great sword       |       |       |    96 |       ||    96
Invok: Lunge             |       |       |    21 |    34 ||    55
       Whirlwind         |       |       |       |     9 ||     9
  Use: Scroll            |       |     3 |     4 |    16 ||    23
       Potion            |       |       |       |     4 ||     4
 Stab: Distracted        |       |       |     2 |     1 ||     3
       Invisible         |       |       |       |     6 ||     6
  Eat: Chunk             |     1 |     5 |     9 |     8 ||    23
       Ration            |       |       |     1 |     1 ||     2
Armor: Leather armour    |    19 |       |       |       ||    19
       Scale mail        |     8 |    71 |   122 |    86 ||   287
       Troll leather arm |       |       |       |    41 ||    41
Dodge: Dodged            |    38 |    92 |   133 |   133 ||   396
       Rpst.: Long sword |    16 |       |       |       ||    16
       Falchion          |       |     9 |    21 |    28 ||    58
       Great sword       |       |       |    19 |       ||    19

Levels and vault maps discovered:
D:1:      heliophobic_arrival_ceremonial_halls, layout_basic
D:2:      layout_loops_ring, uniq_crazy_yiuf_cottage, uniq_terence
D:3:      layout_loops_ring, vehumet_crystals, elyvilon_altar_5,
          lemuel_coloured_pillars_altar, first_ration, uniq_robin
D:4:      layout_basic, gammafunk_temple_overflow_elements, st_stairs_8
D:5:      layout_cave_pools, old_standard_altar, minmay_temple_entry_mist
D:6:      layout_rooms, kennysheep_generic_room_11
D:7:      cheibrodos_two_vegetables, layout_loops_ring, old_standard_altar,
          lemuel_statue_altar, uniq_prince_ribbit1
D:8:      layout_basic, grunt_ogre_cave, uniq_joseph, uniq_pikel
D:9:      layout_loops_ring, serial_shops, shop_fountains,
          kennysheep_generic_room_2
D:10:     layout_loops_corners, enter_trove_1, chequers_serial_rivers_small_a,
          nicolae_two_hexagons, corexii_hall_statues_i, minmay_misc_feat_square,
          grunt_decor_cap, minmay_liquid_box, kennysheep_pointless_box
D:11:     layout_long_grid, due_lair_maze_entry_diamond, serial_ice,
          serial_ice_b, serial_ice_j, serial_ice_e, serial_ice_a, serial_ice_o,
          serial_ice_f, serial_ice_d, portal_ice_cave_entry_ice_beasts,
          basic_altar, minmay_beelzebubs_servants, uniq_maurice, uniq_grum
Temple:   regret_index_temple_waves
